TOP OF THE 1ST |
Hendersonville Hitmen batting - Pitching for Springfield Stars : RHP Claudio Martínez
|
Pitching: RHP Claudio Martínez
|
|
Batting: SHB Félix Montoya
|
0-0: Called Strike 0-1: DOUBLE (Groundball, 5L)
|
Batting: SHB José Estreito
|
0-0: Ball 1-0: Ball 2-0: Ball 3-0: Base on Balls
|
Batting: LHB Robert Phillips
|
0-0: Called Strike Félix Montoya steals 3rd base José Estreito to second 0-1: Swinging Strike 0-2: Ball 1-2: Ball 2-2: Foul Ball, location: 2F 2-2: Foul Ball, location: 2F 2-2: Foul Ball, location: 2F 2-2: Ball 3-2: Strikes out swinging
|
Batting: LHB Tommy Payne
|
0-0: Ball 1-0: Ball 2-0: Ball Wild Pitch! Félix Montoya scores José Estreito to third 3-0: Called Strike 3-1: Base on Balls
|
Batting: LHB José Berroa
|
0-0: Ball 1-0: Ground out 4-3 (Groundball, 4S) José Estreito scores Tommy Payne to second
|
Batting: LHB Pedro Gonzáles
|
0-0: Ball 1-0: Foul Ball, location: 2F 1-1: Fly out, F9 (Flyball, 89M)
|
Top of the 1st over - 2 runs, 1 hit, 0 errors, 1 left on base; Hendersonville 2 - Springfield 0 |
BOTTOM OF THE 1ST |
Springfield Stars batting - Pitching for Hendersonville Hitmen : RHP Jorge Guillén
|
Pitching: RHP Jorge Guillén
|
|
Batting: RHB Norberto Taváres
|
0-0: Called Strike 0-1: Foul Ball, location: 2F 0-2: Ball 1-2: Ball 2-2: Ball 3-2: SINGLE (Line Drive, 9LM)
|
Batting: LHB Jesús Tobías
|
0-0: Ball 1-0: Fly out, F6 (Popup, P)
|
Batting: LHB Derek Davidson
|
0-0: Ball 1-0: Foul Ball, location: 2F 1-1: Ball 2-1: Swinging Strike 2-2: Ball 3-2: Strikes out swinging
|
Batting: LHB Felipe Guerrero
|
Pickoff Throw to First - Error! E1 Norberto Taváres to second 0-0: Swinging Strike 0-1: Foul Ball, location: 2F 0-2: TRIPLE (Flyball, 78XD) Norberto Taváres scores
|
Batting: LHB Elliott Newell
|
0-0: Ball 1-0: Ball 2-0: Foul Ball, location: 2F 2-1: Swinging Strike 2-2: Ball 3-2: Foul Ball, location: 2F 3-2: Foul Ball, location: 2F 3-2: Strikes out swinging
|
Bottom of the 1st over - 1 run, 2 hits, 1 error, 1 left on base; Hendersonville 2 - Springfield 1 |
TOP OF THE 2ND |
Hendersonville Hitmen batting - Pitching for Springfield Stars : RHP Claudio Martínez
|
Batting: LHB Milo Glenn
|
0-0: Ball 1-0: Called Strike 1-1: Foul Ball, location: 2F 1-2: Ball 2-2: Foul Ball, location: 2F 2-2: Ball 3-2: Base on Balls
|
Batting: RHB Ron Glass
|
0-0: Called Strike 0-1: Ground out 4-3 (Groundball, 34) Milo Glenn to second
|
Batting: RHB Carlos Flores
|
0-0: Foul Ball, location: 2F 0-1: Foul Ball, location: 2F 0-2: Ball 1-2: Ball 2-2: Fly out, F3 (Popup, 34)
|
Batting: SHB Félix Montoya
|
0-0: Ball 1-0: Ball 2-0: Foul Ball, location: 2F 2-1: Ball 3-1: Called Strike 3-2: Ground out 4-3 (Groundball, 4)
|
Top of the 2nd over - 0 runs, 0 hits, 0 errors, 1 left on base; Hendersonville 2 - Springfield 1 |
BOTTOM OF THE 2ND |
Springfield Stars batting - Pitching for Hendersonville Hitmen : RHP Jorge Guillén
|
Batting: RHB Calvin Bennett
|
0-0: Swinging Strike 0-1: Ground out 4-3 (Groundball, 4)
|
Batting: SHB António De La Cruz
|
0-0: Ball 1-0: Foul Ball, location: 2F 1-1: Ball 2-1: Fly out, F2 (Popup, 2R)
|
Batting: LHB Mike Pearson
|
0-0: Called Strike 0-1: Ball 1-1: Ball 2-1: Foul Ball, location: 2F 2-2: Ball 3-2: Strikes out swinging, 2-3 out at first.
|
Bottom of the 2nd over - 0 runs, 0 hits, 0 errors, 0 left on base; Hendersonville 2 - Springfield 1 |
TOP OF THE 3RD |
Hendersonville Hitmen batting - Pitching for Springfield Stars : RHP Claudio Martínez
|
Batting: SHB José Estreito
|
0-0: Ball 1-0: Called Strike 1-1: Ball 2-1: Bunt for hit - play at first, batter OUT! 1-3
|
Batting: LHB Robert Phillips
|
0-0: Ground out 4-3 (Groundball, 4)
|
Batting: LHB Tommy Payne
|
0-0: Foul Ball, location: 2F 0-1: Ball 1-1: Ball 2-1: Foul Ball, location: 2F 2-2: Strikes out swinging
|
Top of the 3rd over - 0 runs, 0 hits, 0 errors, 0 left on base; Hendersonville 2 - Springfield 1 |
BOTTOM OF THE 3RD |
Springfield Stars batting - Pitching for Hendersonville Hitmen : RHP Jorge Guillén
|
Batting: RHB Juan Carlos Rodríguez
|
0-0: Ball 1-0: Ball 2-0: Ball 3-0: Called Strike 3-1: SINGLE (Line Drive, 8LS)
|
Batting: RHB Norberto Taváres
|
0-0: Ball 1-0: Foul Ball, location: 2F 1-1: Ball 2-1: Swinging Strike 2-2: Grounds into double play, 6-4-3 (Groundball, 6M)
|
Batting: LHB Jesús Tobías
|
0-0: Swinging Strike 0-1: Ground out 4-3 (Groundball, 4D)
|
Bottom of the 3rd over - 0 runs, 1 hit, 0 errors, 0 left on base; Hendersonville 2 - Springfield 1 |
TOP OF THE 4TH |
Hendersonville Hitmen batting - Pitching for Springfield Stars : RHP Claudio Martínez
|
Batting: LHB José Berroa
|
0-0: Called Strike 0-1: Ball 1-1: Ball 2-1: Ball 3-1: Base on Balls
|
Batting: LHB Pedro Gonzáles
|
0-0: Foul Ball, location: 2F 0-1: Called Strike 0-2: Foul Ball, location: 2F 0-2: Fly out, F4 (Popup, 4MD)
|
Batting: LHB Milo Glenn
|
0-0: Swinging Strike 0-1: Ball 1-1: Ball 2-1: Foul Ball, location: 2F 2-2: Foul Ball, location: 2F 2-2: Grounds into double play, 5-4-3 (Groundball, 5L)
|
Top of the 4th over - 0 runs, 0 hits, 0 errors, 0 left on base; Hendersonville 2 - Springfield 1 |
BOTTOM OF THE 4TH |
Springfield Stars batting - Pitching for Hendersonville Hitmen : RHP Jorge Guillén
|
Batting: LHB Derek Davidson
|
0-0: Called Strike 0-1: Foul Ball, location: 2F 0-2: Foul Ball, location: 2F 0-2: Foul Ball, location: 2F 0-2: Ball 1-2: Fly out, F6 (Popup, P)
|
Batting: LHB Felipe Guerrero
|
0-0: Ball 1-0: Swinging Strike 1-1: Ball 2-1: Ball 3-1: Base on Balls
|
Batting: LHB Elliott Newell
|
0-0: Ball 1-0: Foul Ball, location: 2F 1-1: Ball 2-1: Fly out, F8 (Flyball, 8RD)
|
Batting: RHB Calvin Bennett
|
0-0: Called Strike 0-1: Ball 1-1: Ball 2-1: Ball 3-1: Called Strike 3-2: Fly out, F9 (Flyball, 9LS)
|
Bottom of the 4th over - 0 runs, 0 hits, 0 errors, 1 left on base; Hendersonville 2 - Springfield 1 |
TOP OF THE 5TH |
Hendersonville Hitmen batting - Pitching for Springfield Stars : RHP Claudio Martínez
|
Batting: RHB Ron Glass
|
0-0: Ball 1-0: Swinging Strike 1-1: Foul Ball, location: 2F 1-2: Ball 2-2: Foul Ball, location: 2F 2-2: Strikes out swinging
|
Batting: RHB Carlos Flores
|
0-0: Called Strike 0-1: Ground out 6-3 (Groundball, 6)
|
Batting: SHB Félix Montoya
|
0-0: Ground out U3 (Groundball, 34)
|
Top of the 5th over - 0 runs, 0 hits, 0 errors, 0 left on base; Hendersonville 2 - Springfield 1 |
BOTTOM OF THE 5TH |
Springfield Stars batting - Pitching for Hendersonville Hitmen : RHP Jorge Guillén
|
Batting: SHB António De La Cruz
|
0-0: Called Strike 0-1: Foul Ball, location: 2F 0-2: Fly out, F8 (Flyball, 8RD)
|
Batting: LHB Mike Pearson
|
0-0: Called Strike 0-1: Ground out 6-3 (Groundball, 6)
|
Batting: RHB Juan Carlos Rodríguez
|
0-0: Ball 1-0: Called Strike 1-1: Ball 2-1: Called Strike 2-2: SINGLE (Line Drive, 7LS)
|
Batting: RHB Norberto Taváres
|
0-0: Ball 1-0: Called Strike Pickoff Throw to First - Out!
|
Bottom of the 5th over - 0 runs, 1 hit, 0 errors, 0 left on base; Hendersonville 2 - Springfield 1 |
TOP OF THE 6TH |
Hendersonville Hitmen batting - Pitching for Springfield Stars : RHP Claudio Martínez
|
Batting: SHB José Estreito
|
0-0: Foul Ball, location: 2F 0-1: Ground out U3 (Groundball, 3)
|
Batting: LHB Robert Phillips
|
0-0: Ball 1-0: Foul Ball, location: 2F 1-1: Ball 2-1: Foul Ball, location: 2F 2-2: Ball 3-2: Foul Ball, location: 2F 3-2: Fly out, F8 (Flyball, 8RS)
|
Batting: LHB Tommy Payne
|
0-0: Foul Ball, location: 2F 0-1: Ball 1-1: Swinging Strike 1-2: Foul Ball, location: 2F 1-2: Ball 2-2: Ground out 4-3 (Groundball, 4)
|
Top of the 6th over - 0 runs, 0 hits, 0 errors, 0 left on base; Hendersonville 2 - Springfield 1 |
BOTTOM OF THE 6TH |
Springfield Stars batting - Pitching for Hendersonville Hitmen : RHP Jorge Guillén
|
Batting: RHB Norberto Taváres
|
0-0: Bunted foul 0-1: Ball 1-1: Foul Ball, location: 2F 1-2: Ball 2-2: Ball 3-2: Base on Balls
|
Batting: LHB Jesús Tobías
|
0-0: Foul Ball, location: 2F 0-1: SINGLE (Groundball, 4D) Norberto Taváres to second Runner from 2nd tries for 3rd, SAFE, no throw
|
Batting: LHB Derek Davidson
|
0-0: SINGLE (Flyball, 89M) Norberto Taváres scores Jesús Tobías to second
|
Batting: LHB Felipe Guerrero
|
0-0: Called Strike 0-1: Foul Ball, location: 2F 0-2: Ball 1-2: 3-RUN HOME RUN (Flyball, 7LD), Distance : 379 ft
|
Pitching: RHP Jimmy Banks
|
|
Batting: LHB Elliott Newell
|
0-0: Ball 1-0: Ball 2-0: Called Strike 2-1: Foul Ball, location: 2F 2-2: Foul Ball, location: 2F 2-2: Ball 3-2: SINGLE (Line Drive, 56D)
|
Batting: RHB Calvin Bennett
|
0-0: Ball 1-0: Foul Ball, location: 2F 1-1: Called Strike 1-2: TRIPLE (Flyball, 8LXD) Elliott Newell scores
|
Batting: SHB António De La Cruz
|
0-0: Ball 1-0: Fly out, F7 (Flyball, 78M)
|
Batting: LHB Mike Pearson
|
0-0: Called Strike 0-1: Ball 1-1: Foul Ball, location: 2F 1-2: Foul Ball, location: 2F 1-2: Ball 2-2: Ball 3-2: DOUBLE (Line Drive, 78D) Calvin Bennett scores
|
Batting: RHB Juan Carlos Rodríguez
|
0-0: Fly out, F7 (Flyball, 7S)
|
Batting: RHB Norberto Taváres
|
0-0: Called Strike 0-1: Ball 1-1: Ball 2-1: Called Strike 2-2: Foul Ball, location: 2F 2-2: Foul Ball, location: 2F 2-2: Strikes out looking
|
Bottom of the 6th over - 6 runs, 6 hits, 0 errors, 1 left on base; Hendersonville 2 - Springfield 7 |
TOP OF THE 7TH |
Hendersonville Hitmen batting - Pitching for Springfield Stars : RHP Claudio Martínez
|
Batting: LHB José Berroa
|
0-0: Ball 1-0: Ball 2-0: Foul Ball, location: 2F 2-1: Ball 3-1: Called Strike 3-2: Strikes out swinging
|
Batting: LHB Pedro Gonzáles
|
0-0: Foul Ball, location: 2F 0-1: Ball 1-1: Swinging Strike 1-2: Fly out, F8 (Line Drive, 8RM)
|
Batting: LHB Milo Glenn
|
0-0: Called Strike 0-1: Foul Ball, location: 2F 0-2: Ball 1-2: Strikes out swinging
|
Top of the 7th over - 0 runs, 0 hits, 0 errors, 0 left on base; Hendersonville 2 - Springfield 7 |
BOTTOM OF THE 7TH |
Springfield Stars batting - Pitching for Hendersonville Hitmen : RHP Jimmy Banks
|
Batting: LHB Jesús Tobías
|
0-0: Called Strike 0-1: Ball 1-1: SINGLE (Line Drive, 4M)
|
Batting: LHB Derek Davidson
|
0-0: Foul Ball, location: 2F 0-1: Ball 1-1: Called Strike 1-2: Foul Ball, location: 2F 1-2: SINGLE (Flyball, 9LS) Jesús Tobías to second Runner from 2nd tries for 3rd, SAFE, no throw
|
Batting: LHB Felipe Guerrero
|
0-0: Ball 1-0: Fly out, F8 (Line Drive, 78M) Runner from 3rd tags up, SCORES, no throw
|
Batting: LHB Elliott Newell
|
0-0: Ball 1-0: Called Strike 1-1: Ball 2-1: Foul Ball, location: 2F 2-2: Ball 3-2: SINGLE (Line Drive, 78M) Derek Davidson to second Derek Davidson to third
|
Batting: RHB Calvin Bennett
|
0-0: Called Strike 0-1: Foul Ball, location: 2F 0-2: Fly out, F7 (Line Drive, 7) Runner from 3rd tags up, SCORES, throw made
|
Batting: SHB António De La Cruz
|
0-0: Ball 1-0: Ball 2-0: Ground out 4-3 (Groundball, 34)
|
Bottom of the 7th over - 2 runs, 3 hits, 0 errors, 1 left on base; Hendersonville 2 - Springfield 9 |
TOP OF THE 8TH |
Hendersonville Hitmen batting - Pitching for Springfield Stars : RHP Claudio Martínez
|
Pitching: RHP Hyo-chin Ch'oe
|
|
Now in LF: Gabriel Erwin
|
|
Batting: RHB Ron Glass
|
0-0: Swinging Strike 0-1: Ball 1-1: Fly out, F7 (Flyball, 7)
|
Batting: RHB Carlos Flores
|
0-0: Swinging Strike 0-1: Ground out 5-3 (Groundball, 5)
|
Batting: SHB Félix Montoya
|
0-0: Swinging Strike 0-1: Swinging Strike 0-2: Ball 1-2: Ball 2-2: Foul Ball, location: 2F 2-2: Foul Ball, location: 2F 2-2: Foul Ball, location: 2F 2-2: Fly out, F7 (Line Drive, 7)
|
Top of the 8th over - 0 runs, 0 hits, 0 errors, 0 left on base; Hendersonville 2 - Springfield 9 |
BOTTOM OF THE 8TH |
Springfield Stars batting - Pitching for Hendersonville Hitmen : RHP Jimmy Banks
|
Batting: LHB Mike Pearson
|
0-0: Ball 1-0: Ball 2-0: Ball 3-0: Called Strike 3-1: Base on Balls
|
Pitching: RHP Rafael López
|
|
Batting: RHB Juan Carlos Rodríguez
|
0-0: Grounds into double play, 4-6-3 (Groundball, 4)
|
Batting: RHB Norberto Taváres
|
0-0: Ball 1-0: Ball 2-0: Called Strike 2-1: Ball 3-1: Swinging Strike 3-2: Fly out, F9 (Flyball, 9S)
|
Bottom of the 8th over - 0 runs, 0 hits, 0 errors, 0 left on base; Hendersonville 2 - Springfield 9 |
TOP OF THE 9TH |
Hendersonville Hitmen batting - Pitching for Springfield Stars : RHP Hyo-chin Ch'oe
|
Batting: SHB José Estreito
|
0-0: Ball 1-0: Swinging Strike 1-1: Ground out 4-3 (Groundball, 4)
|
Batting: LHB Robert Phillips
|
0-0: Swinging Strike 0-1: Foul Ball, location: 2F 0-2: Foul Ball, location: 2F 0-2: Ball 1-2: Foul Ball, location: 2F 1-2: Foul Ball, location: 2F 1-2: Ball 2-2: Strikes out swinging
|
Batting: LHB Tommy Payne
|
0-0: Called Strike 0-1: Ball 1-1: Foul Ball, location: 2F 1-2: Fly out, F3 (Flyball, 34D)
|
Top of the 9th over - 0 runs, 0 hits, 0 errors, 0 left on base; Hendersonville 2 - Springfield 9 |
|